 Dungeon Crawl Stone Soup version 0.29-a0-234-g0dae59b3db (webtiles) character file.

Game seed: 10978784680510727812

50 siradein the Grasshopper (level 3, 0/30 HPs)
             Began as a Ghoul Warper on Mar 3, 2022.
             Slain by an orc
             ... wielding a +0 dagger
              (1 damage)
             ... on level 2 of the Dungeon.
             The game lasted 00:03:08 (1612 turns).

siradein the Grasshopper (Ghoul Warper)             Turns: 1612, Time: 00:03:08

Health: 0/30       AC:  5    Str: 14    XL:     3   Next: 79%
Magic:  5/5        EV: 10    Int: 10    God:
Gold:   72         SH:  0    Dex:  8    Spells: 4/6 levels left

rFire   . . .      SeeInvis .     - Unarmed
rCold   + . .      Faith    .   (no shield)
rNeg    + + +      Spirit   .   e - +0 ring mail
rPois   ∞          Reflect  .   (no helmet)
rElec   .          Harm     .   (no cloak)
rCorr   .          Rampage  .   (no gloves)
Will    .....                   (no boots)
Stlth   ..........              (no amulet)
HPRegen 0.00/turn               (no ring)
MPRegen 0.09/turn               (no ring)

@: confused, inhibited regen
A: claws 1, cold resistance 1, negative energy resistance 3, inhibited
regeneration, torment resistance 2
a: no special abilities


You were on level 2 of the Dungeon.
You visited 1 branch of the dungeon, and saw 2 of its levels.

You collected 72 gold pieces.

Inventory:

Missiles
 c - 5 boomerangs of dispersal (quivered)
Armour
 e - a +0 ring mail (worn)
Scrolls
 a - 2 scrolls of amnesia {unknown}
 b - a scroll of blinking
 d - a scroll of brand weapon {unknown}
 f - a scroll of identify {unknown}
 g - a scroll of teleportation {unknown}


   Skills:
 + Level 2.7 Fighting
 - Level 0.9 Throwing
 + Level 1.3 Armour
 + Level 2.1 Dodging
 + Level 2.6 Unarmed Combat
 + Level 2.0 Spellcasting
 + Level 3.0 Translocations


You had 4 spell levels left.
You knew the following spells:

 Your Spells              Type           Power      Damage    Failure   Level
a - Blink                 Tloc           14%        N/A       28%         2

Your spell library contained the following spells:

 Spells                   Type           Power      Damage    Failure   Level
 Gell's Gravitas          Tloc           7%         N/A       50%         3
 Lesser Beckoning         Tloc           7%         N/A       50%         3
 Teleport Other           Tloc           7%         N/A       50%         3
 Summon Small Mammal      Summ           4%         N/A       54%         1
 Call Canine Familiar     Summ           1%         N/A       88%         3
 Summon Guardian Golem    Hex/Summ       1%         N/A       88%         3
 Manifold Assault         Tloc           7%         N/A       99%         5


Dungeon Overview and Level Annotations

Branches:
Dungeon (2/15)

Altars:

Portals:
Abyss: D:1***


Innate Abilities, Weirdness & Mutations

You thrive by killing the living.
You are immune to poison.
You have sharp fingernails.
Your flesh is cold resistant. (rC+)
You are immune to negative energy. (rN+++)
You do not regenerate when monsters are visible.
You are immune to unholy pain and torment.


Message History

The adder bites you. The adder closely misses you.
You closely miss the adder.
The adder is almost dead.
The adder bites you but does no damage.
An orc comes into view. It is wielding a +0 club.
You scratch the adder.
You kill the adder!
You closely miss the orc wizard.
The orc wizard points at you and mumbles some strange words.
You are confused.
An orc comes into view. It is wielding a +0 dagger.
You are too confused!
You are too confused!
You are too confused!
You are too confused!
You are too confused!
You're too confused to move!
The orc wizard gestures wildly while chanting.
The orc wizard flickers and vanishes!
Deactivating autopickup; reactivate with Ctrl-A.
A kobold and an orc come into view.
The orc shouts!
The kobold moves out of view.
You hear some strange, mumbled words.
A puff of flame appears from out of thin air!
The puff of flame hits you!
* * * LOW HITPOINT WARNING * * *
You're too confused to move!
The orc hits you but does no damage.
You bump into the rock wall.
You hear some strange, mumbled words.
You are more confused.
The orc hits you with a +0 dagger.
* * * LOW HITPOINT WARNING * * *
You bump into the rock wall.
Something hits you.
* * * LOW HITPOINT WARNING * * *
The orc hits you but does no damage.
You bump into the rock wall.
Something hits you.
* * * LOW HITPOINT WARNING * * *
The orc hits you with a +0 dagger.
You die...

...................#
##.....##
...................#
#.....#
<.............##.###
##....#
.........†....##.#
#....#
..............##.#
###)##
..............##.#
...
.............###.# .
.....##..........#
########.[......@# #
#....)..o.# #
#........K# .
#...(....o#
#########.# .o# ..#
.... ....


You could see 3 orcs and a kobold.

Vanquished Creatures
  An adder (D:2)
  A worm (D:2)
  3 dart slugs
  2 endoplasms
  A giant cockroach (D:2)
  4 goblins
  A hobgoblin (D:1)
  3 quokkas
  2 ball pythons (D:1)
  3 bats
  3 frilled lizards (D:1)
  5 kobolds
  5 rats
34 creatures vanquished.

Notes
Turn   | Place    | Note
-------+----------+-------------------------------------------
     0 | D:1      | siradein the Ghoul Warper began the quest for the Orb.
     0 | D:1      | Reached XP level 1. HP: 17/17 MP: 2/2
   246 | D:1      | Reached skill level 1 in Armour
   382 | D:1      | Reached XP level 2. HP: 24/24 MP: 3/3
   627 | D:1      | Learned a level 2 spell: Blink
  1177 | D:2      | Reached XP level 3. HP: 27/30 MP: 3/5
  1261 | D:2      | Reached skill level 3 in Translocations
  1612 | D:2      | HP: 1/30 [something (3)]
  1612 | D:2      | Slain by an orc

Illustrated notes

Levels and vault maps discovered:
D:1:      minmay_arrival_glassed_features, layout_basic
D:2:      layout_rooms

Skill      XL: |  1  2  3 |
---------------+----------+-----
Armour         | 1 |  1.3
Dodging        | 2 |  2.1
Spellcasting   | 2 |  2.0
Translocations | 3 |  3.0
Fighting       | |  2.7
Throwing       | |  0.9
Unarmed Combat | |  2.6

Action                   || total
-------------------------++-------
Melee: Unarmed           ||   143
       Punch             ||     5
Armor: Leather armour    ||    13
       Ring mail         ||    46
Dodge: Dodged            ||    85

Table legend: (Time is in decaauts)
 A = Elapsed time spent in this place.
 B = Non-inter-level travel time spent in this place.
 C = Inter-level travel time spent in this place.
 D = Time resting spent in this place.
 E = Time spent auto-exploring this place.
 F = Levels seen in this place.
 G = Mean time per level.
                   A        B        C        D        E       F      G
               +--------+--------+--------+--------+--------+-----+--------+
         Total |   1605 |   1599 |      6 |      0 |   1290 |   2 |  802.5 |
       Dungeon |   1605 |   1599 |      6 |      0 |   1290 |   2 |  802.5 |
               +--------+--------+--------+--------+--------+-----+--------+

Top non-repeatable levels by time:
     D:1: 1156 daAuts
     D:2: 449 daAuts
